 Dungeon Crawl Stone Soup version 0.17-a0-1987-gaf5a542 (webtiles) character file.

151 Shim the Grasshopper (level 5, -1/35 HPs)
             Began as a High Elf Warper on Oct 6, 2015.
             Was a Follower of Dithmenos.
             Succumbed to kobold's curare-tipped needle
             ... in a sewer.
             The game lasted 00:17:02 (3090 turns).

Shim the Grasshopper (High Elf Warper)              Turns: 3090, Time: 00:17:03

Health: -1/35      AC:  2    Str: 15    XL:     5   Next: 10%
Magic:  10/10      EV: 13    Int: 17    God:    Dithmenos [*.....]
Gold:   119        SH:  0    Dex: 15    Spells: 4 memorised, 1 level left

rFire  . . .     SeeInvis .     p - +2 short sword (freeze)
rCold  . . .     Clarity  .     d - +0 robe
rNeg   . . .     SustAt   .     (no shield)
rPois  .         Gourm    .     (no helmet)
rElec  .         Spirit   .     (no cloak)
rCorr  .         Warding  .     (no gloves)
rMut   .         Stasis   .     (no boots)
MR     .....                    (no amulet)
Stlth  ++........               (no ring)
                                (no ring)

@: mighty, lethally poisoned (-1 -> -17), flying, slowed, wreathed by umbra,
invisible, very slow, not resistant to hostile enchantments, unstealthy
A: no striking features
a: Renounce Religion


You were in a sewer.
You worshipped Dithmenos.
Dithmenos was aware of your devotion.
You were not hungry.

You visited 1 branch of the dungeon, and saw 3 of its levels.
You also visited: Sewer.

You collected 119 gold pieces.

Inventory:

Hand Weapons
 a - a +0 short sword
 p - a +2 short sword of freezing (weapon)
Missiles
 e - 3 tomahawks of dispersal
 g - 3 arrows
 h - 52 stones (quivered)
Armour
 b - a +0 leather armour
 d - a +0 robe (worn)
Scrolls
 j - 2 scrolls of teleportation {unknown}
 k - 2 scrolls of remove curse {unknown}
 o - a scroll of enchant armour {unknown}
 q - 3 scrolls of identify {unknown}
Potions
 l - 2 potions of might
Books
 c - a book of Spatial Translocations

   Spells                             Type                      Level
   a - Apportation                    Translocation                1
   b - Blink                          Translocation                2
   c - Shroud of Golubria             Charms/Translocation         2
   d - Portal Projectile              Translocation                3
   e - Teleport Other                 Translocation                3
   f - Passage of Golubria            Translocation                4
 s - a book of Transfigurations

   Spells                             Type                      Level
   a - Stoneskin                      Transmutation/Earth          2
   b - Irradiate                      Conjuration/Transmutation    5
   c - Statue Form                    Transmutation/Earth          6
   d - Hydra Form                     Transmutation                6
   e - Dragon Form                    Transmutation                7
Comestibles
 f - 4 bread rations
 r - 4 chunks of flesh
 t - a meat ration
 u - a royal jelly
 v - a slice of pizza


   Skills:
 + Level 2.3 Fighting
 * Level 2.6 Short Blades
 + Level 2.4 Throwing
 + Level 1.5 Armour
 + Level 2.9 Dodging
 * Level 1.9 Stealth
 + Level 2.9 Spellcasting
 + Level 0.8 Charms
 + Level 3.9 Translocations


You had one spell level left.
You knew the following spells:

 Your Spells              Type           Power        Failure   Level  Hunger
a - Apportation           Tloc           ###.......   3%          1    None
b - Blink                 Tloc           N/A          6%          2    ##.....
c - Shroud of Golubria    Chrm/Tloc      ##........   12%         2    ##.....
d - Teleport Other        Tloc           ###.....     12%         3    ###....


Dungeon Overview and Level Annotations

Branches:
Dungeon (3/15)

Altars:
Cheibriados
Dithmenos
Nemelex Xobeh
Ru
Sif Muna


Message History

Drink which item? (? for menu, Esc to quit)
It was a potion of might.
You feel very mighty all of a sudden.
* * * LOW HITPOINT WARNING * * *
You feel very sick.
Drink which item? (? for menu, Esc to quit)
It was a potion of flight.
You feel very buoyant.
You fly up into the air.
* * * LOW HITPOINT WARNING * * *
You feel very sick.
Drink which item? (? for menu, Esc to quit)
It was a potion of magic.
Magic courses through your body.
* * * LOW HITPOINT WARNING * * *
You feel sick. The kobold hits you with a club.
* * * LOW HITPOINT WARNING * * *
Drink which item? (? for menu, Esc to quit)
It was a potion of invisibility.
You fade into invisibility!
You die...

#≈# #≈# #≈# #≈#
#≈# #≈# #)# #≈#
#@# #K# #(#
##(#########
#≈≈((≈≈....#
.....≈≈≈≈.≈(≈≈≈≈#
≈≈≈≈≈≈≈≈≈≈≈≈≈≈((#
≈≈≈≈≈≈≈≈≈≈≈≈≈≈≈≈(
K≈K≈≈≈≈K≈K≈≈≈≈≈≈#


You could see a kobold.

Vanquished Creatures
  2 river rats (Sewer)
  7 adders
  An ooze (D:3)
  2 worms (D:2)
  A giant gecko (D:1)
  5 goblins
  5 hobgoblins
  2 jackals (Sewer)
  11 kobolds
  A quokka (D:2)
  4 ball pythons (D:1)
  5 bats
  7 giant cockroaches
  8 giant newts
  8 rats
69 creatures vanquished.

Notes
Turn   | Place    | Note
--------------------------------------------------------------
     0 | D:1      | Shim the High Elf Warper began the quest for the Orb.
     0 | D:1      | Reached XP level 1. HP: 14/14 MP: 4/4
   236 | D:1      | Reached XP level 2. HP: 19/19 MP: 6/6
   255 | D:1      | Learned a level 2 spell: Blink
   699 | D:1      | Reached skill level 1 in Armour
   897 | D:1      | Reached skill level 1 in Stealth
  1065 | D:2      | Found a deep blue altar of Sif Muna.
  1066 | D:2      | Found a shadowy altar of Dithmenos.
  1068 | D:2      | Found a sacrificial altar of Ru.
  1085 | D:2      | Found a snail-covered altar of Cheibriados.
  1087 | D:2      | Found a sparkling altar of Nemelex Xobeh.
  1096 | D:2      | Became a worshipper of Dithmenos the Shadowed
  1303 | D:2      | Reached XP level 3. HP: 24/24 MP: 8/8
  1307 | D:2      | Learned a level 2 spell: Shroud of Golubria
  1801 | D:2      | Reached XP level 4. HP: 27/29 MP: 9/9
  1811 | D:2      | Learned a level 3 spell: Teleport Other
  2905 | D:3      | Found a glowing drain.
  2915 | Sewer    | Entered a sewer
  2928 | Sewer    | Reached XP level 5. HP: 33/35 MP: 6/10
  3017 | Sewer    | Noticed a big kobold
  3089 | Sewer    | HP: 1/35 [kobold/club (4)]
  3090 | Sewer    | Succumbed to kobold's curare-tipped needle

Vault maps used:
D:1:      dpeg_arrival_simpleton_a, minmay_shallow_snake_nest
D:2:      grunt_temple_overflow_open
D:3:      zin_scriptorium, portal_sewer_entry_d, kennysheep_potato
Sewer:    sewer_kobolds

Action                   |  1- 3 |  4- 6 || total
-------------------------+-------+-------++-------
Melee: Short sword       |   106 |    69 ||   175
Throw: Stone             |    33 |    48 ||    81
       Tomahawk          |     2 |       ||     2
 Cast: Shroud of Golubri |     5 |     6 ||    11
       Blink             |     1 |     1 ||     2
       Teleport Other    |       |     1 ||     1
  Use: Scroll            |     1 |       ||     1
       Potion            |     1 |     4 ||     5
 Stab: Sleeping          |     1 |     2 ||     3
  Eat: Chunk             |     3 |     5 ||     8
